 Dungeon Crawl Stone Soup version 0.18.1-50-g88ac8fd (webtiles) character file.

1432 Skwishie the Cleaver (level 8, -1/46 HPs)
             Began as a Gargoyle Fighter on Sept 22, 2016.
             Slain by an ice beast (14 damage)
             ... on level 6 of the Dungeon.
             The game lasted 00:36:53 (6127 turns).

Skwishie the Cleaver (Gargoyle Fighter)             Turns: 6127, Time: 00:36:54

Health: -1/46      AC: 24    Str: 21    XL:     8   Next: 73%
Magic:  17/17      EV:  7    Int: 10    God:
Gold:   358        SH:  0    Dex:  6    Spells: 0 memorised, 7 levels left

rFire  . . .     SeeInvis .     s - +0 war axe
rCold  . . .     Gourm    .     D - +7 chain mail of the Blacksmith {rElec Regen+ MP+9 Dex-3}
rNeg   + . .     Faith    .     (no shield)
rPois  ∞         Spirit   .     (no helmet)
rElec  +         Dismiss  .     H - +0 cloak
rCorr  +         Reflect  .     (no gloves)
SustAt .         Harm     .     (no boots)
MR     .....                    A - amulet of regeneration
Stlth  ..........               G - +2 ring of protection
                                y - ring of resist corrosion

@: hasted, very quick, not resistant to hostile enchantments, extremely
unstealthy
A: negative energy resistance 1, electricity resistance, unbreathing,
petrification resistance, rot immunity, AC +5
a: no special abilities


You were on level 6 of the Dungeon.
You were not hungry.

You visited 1 branch of the dungeon, and saw 6 of its levels.
You also visited: Sewer.

You collected 358 gold pieces.

Inventory:

Hand Weapons
 s - a +0 war axe (weapon)
Missiles
 J - 2 tomahawks (quivered)
Armour
 c - a +0 shield
 D - the +7 chain mail of the Blacksmith (worn) {rElec Regen+ MP+9 Dex-3}
   (You found it on level 4 of the Dungeon)

   It affects your dexterity (-3).
   It insulates you from electricity.
   It affects your magic capacity (+9).
   It increases your rate of regeneration.
 E - a +0 plate armour
 H - a +0 cloak (worn)
Jewellery
 o - an uncursed ring of fire
 u - an uncursed ring of ice
 y - a ring of resist corrosion (left hand)
 A - an amulet of regeneration (around neck)
 G - a +2 ring of protection (right hand)
Wands
 i - a wand of lightning (0/15)
 B - a wand of confusion (16/48)
Scrolls
 b - a scroll of noise {unknown}
 e - 2 scrolls of fear {unknown}
 g - 2 scrolls of magic mapping
 l - 2 scrolls of teleportation {unknown}
 m - 3 scrolls of remove curse
 p - 2 scrolls of enchant armour {unknown}
 v - a scroll of enchant weapon {unknown}
Potions
 d - 2 potions of might
 j - a potion of lignification
 k - 2 potions of agility
 n - a potion of cancellation {unknown}
 q - a potion of degeneration {unknown}
 r - 6 potions of curing
 t - a potion of flight {unknown}
 w - a potion of haste
 x - 2 potions of heal wounds
 z - 3 potions of brilliance
 C - a potion of resistance
Comestibles
 a - 2 meat rations
 f - 8 bread rations
 h - 2 beef jerkies
 I - 4 slices of pizza


   Skills:
 - Level 3.2 Fighting
 * Level 9.8 Axes
 - Level 3.2 Armour
 - Level 3.2 Shields


You had 7 spell levels left.
You didn't know any spells.

Dungeon Overview and Level Annotations

Branches:
Dungeon (6/15)
 Temple: D:4-7

Altars:
Cheibriados
Fedhas
Makhleb
Qazlal
Trog


Innate Abilities, Weirdness & Mutations

You are resistant to torment.
Your stone body is resilient (AC +5).
You are immune to poison.
You resist negative energy.
You are resistant to electric shocks.
You can survive without breathing.
You are immune to petrification.
You are immune to rotting.


Message History

You hit the ice beast but do no damage.
The ice beast is moderately wounded.
Something hits you but does no damage.
The ice beast hits you but does no damage.
You closely miss the ice beast.
The ice beast is moderately wounded.
Your chain mail of the Blacksmith prevents you from hitting something.
Something hits you but does no damage. The ice beast hits you.
The ice beast freezes you!
* * * LOW HITPOINT WARNING * * *
Your chain mail of the Blacksmith prevents you from hitting the ice beast.
The ice beast is moderately wounded.
Something hits you but does no damage.
The ice beast hits you but does no damage.
Drink which item? (? for menu, Esc to quit)
You feel yourself speed up. Something hits you but does no damage.
The ice beast hits you.
* * * LOW HITPOINT WARNING * * *
The ice beast freezes you!
You die...

...###...#.# #.# #..#
###.#.# #.# #..#
#...#####.#
#..#######.##....#
...#.....#=......#
.#...............#
.........#.##....#
..##.....#.##...Y#
.........#.##...@#
####.....#.#####.#
....[......# #.#
####[......## #.#
####.....#<.# #.#
._..........####.######
.....######...........#
...### ##..........#
#### #..........#


You could see an ice beast.

Vanquished Creatures
  A sky beast (D:6)
  2 centaurs (D:6)
  A big kobold (Sewer)
  2 giant frogs (D:6)
  A scorpion (D:6)
  3 wights (D:6)
  A howler monkey (D:4)
  A centaur zombie (D:5)
  A jelly (D:4)
  A hound (D:5)
  A giant frog skeleton (D:5)
  An orc priest (D:4)
  An iron imp (D:2)
  5 orc wizards
  2 hell rats (D:5)
  3 worker ants
  3 gnolls (D:2)
  8 adders
  7 river rats (D:5)
  2 shadow imps (D:5)
  3 oozes
  3 adder zombies
  2 adder skeletons (D:4)
  3 worms
  3 dart slugs
  2 giant geckos
  13 orcs
  4 ball pythons
  2 giant cockroaches
  7 goblins
  8 hobgoblins
  4 jackals (D:1)
  6 bats
  9 giant newts
  24 kobolds
  29 rats
  3 bushes (D:6)
172 creatures vanquished.

Vanquished Creatures (others)
  A worker ant (D:6)
  A giant newt (D:6)
2 creatures vanquished.

Grand Total: 174 creatures vanquished

Notes
Turn   | Place    | Note
--------------------------------------------------------------
     0 | D:1      | Skwishie the Gargoyle Fighter began the quest for the Orb.
     0 | D:1      | Reached XP level 1. HP: 14/14 MP: 1/1
    19 | D:1      | Reached skill level 2 in Axes
    58 | D:1      | Reached XP level 2. HP: 17/19 MP: 2/2
   376 | D:1      | Reached skill level 3 in Axes
   402 | D:1      | Reached XP level 3. HP: 23/23 MP: 3/3
  1321 | D:2      | Reached XP level 4. HP: 25/28 MP: 4/4
  1372 | D:2      | Reached skill level 4 in Axes
  1444 | D:2      | Found a burning altar of Makhleb.
  1715 | D:2      | Reached XP level 5. HP: 32/32 MP: 5/5
  1732 | D:2      | Found a stormy altar of Qazlal.
  2053 | D:3      | Found a glowing drain.
  2064 | Sewer    | Entered a sewer
  2231 | Sewer    | Noticed a big kobold
  2260 | Sewer    | Killed a big kobold
  2260 | Sewer    | Reached skill level 5 in Axes
  2260 | Sewer    | Reached XP level 6. HP: 37/37 MP: 6/6
  2374 | Sewer    | Got a brightly glowing spear
  2375 | Sewer    | Identified the cursed +0 spear of Yredelemnul's Pride {antimagic, Str+5 Stlth+} (You found it in a sewer)
  3163 | D:4      | Reached skill level 6 in Axes
  3326 | D:4      | Found a bloodstained altar of Trog.
  3457 | D:4      | Reached XP level 7. HP: 41/41 MP: 7/7
  3924 | D:4      | Got a scorched chain mail
  3935 | D:4      | Identified the +7 chain mail of the Blacksmith {rElec Regen+ MP+9 Dex-3} (You found it on level 4 of the Dungeon)
  4306 | D:5      | Entered Level 5 of the Dungeon
  4334 | D:5      | Reached skill level 7 in Axes
  4976 | D:5      | Reached skill level 8 in Axes
  5247 | D:6      | Reached XP level 8. HP: 46/46 MP: 8/8
  5485 | D:6      | Found a snail-covered altar of Cheibriados.
  5496 | D:6      | Reached skill level 9 in Axes
  5749 | D:6      | Found a blossoming altar of Fedhas.
  6127 | D:6      | Slain by an ice beast

Skill      XL: |  1  2  3  4  5  6  7  8 |
---------------+-------------------------+-----
Axes           | 2 3 4 5 6 8 9 |  9.8
Fighting       | |  3.2
Armour         | |  3.2
Shields        | |  3.2

Action                   |  1- 3 |  4- 6 |  7- 9 || total
-------------------------+-------+-------+-------++-------
Melee: War axe           |   226 |   298 |   481 ||  1005
Evoke: Wand              |       |       |     4 ||     4
  Use: Scroll            |       |     1 |     7 ||     8
       Potion            |       |       |     2 ||     2
  Eat: Chunk             |     2 |     8 |     8 ||    18
       Meat ration       |       |       |     1 ||     1
Armor: Scale mail        |    25 |       |       ||    25
       Plate armour      |   150 |   206 |     6 ||   362
       Skin              |     1 |       |       ||     1
       Chain mail        |       |       |   557 ||   557
Dodge: Dodged            |    51 |    37 |   111 ||   199
Block: Shield            |   112 |   168 |     7 ||   287
